 Dungeon Crawl Stone Soup version 0.30.0-29-ga12c61a403 (webtiles) character file.

Game seed: 12231309217090544697

37 qw the Chopper (level 3, -3/23 HPs)
             Began as a Gargoyle Fighter on June 4, 2023.
             Slain by a worm (4 damage)
             ... on level 2 of the Dungeon.
             The game lasted 00:00:34 (1057 turns).

qw the Chopper (Gargoyle Fighter)                   Turns: 1057, Time: 00:00:35

Health: -3/23      AC: 10    Str: 21    XL:     3   Next: 41%
Magic:  3/3        EV:  9    Int:  8    God:
Gold:   61         SH:  4    Dex:  9    Spells: 2/2 levels left

rFire   . . .        Y - +0 war axe (spect)
rCold   . . .        c - +0 buckler
rNeg    + . .        b - +0 scale mail
rPois   inf          (no helmet)
rElec   +            (no cloak)
rCorr   .            (no gloves)
SInv    .            (no boots)
Will    .....        (no amulet) Stlth
                     (no ring)
HPRegen 0.23/turn    (no ring)
MPRegen 0.08/turn

%: no passive effects
@: about to teleport
A: sickness immunity, AC +3, negative energy resistance 1, electricity
resistance, torment resistance 1, petrification resistance
a: no special abilities


You were on level 2 of the Dungeon.
You visited 1 branch of the dungeon, and saw 2 of its levels.

You collected 61 gold pieces.


Innate Abilities, Weirdness & Mutations

You are immune to sickness and miasma.
Your stone body is resilient. (AC +3)
You are immune to poison.
You resist negative energy. (rN+)
You are resistant to electric shocks. (rElec)
You are resistant to unholy torment.
You are immune to petrification.


   Skills:
 - Level 3.2 Fighting
 + Level 3.4 Axes
 - Level 3.2 Armour
 - Level 3.2 Shields


You had 2 spell levels left.
You didn't know any spells.
Your spell library was empty.

Inventory:

Hand Weapons
 f - a +0 whip
 Y - a +0 spectral war axe (weapon)
Armour
 b - a +0 scale mail (worn)
 c - a +0 buckler (worn)
Scrolls
 g - a scroll of identify
 i - a scroll of brand weapon
 k - a scroll of vulnerability {unknown}
Potions
 d - a potion of might
 e - a potion of ambrosia {unknown}
 h - a potion of heal wounds {unknown}
 j - a potion of brilliance {unknown}

Dungeon Overview and Level Annotations

Branches:
Dungeon (2/15)

Altars:

Annotations:
D:2 Natasha


Message History

As you read the scroll of teleportation, it crumbles to dust.
You feel strangely unstable.
Your +0 spectral war axe disappears.
You block the cerulean imp's attack. Natasha closely misses you.
You closely miss Natasha.
Natasha is heavily wounded.
You hit the cerulean imp.
Your +0 spectral war axe hits Natasha.
Your +0 spectral war axe closely misses the cerulean imp.
Your +0 spectral war axe barely misses the cerulean imp.
Your +0 spectral war axe completely misses Natasha.
The cerulean imp hits you but does no damage.
Natasha barely misses your +0 spectral war axe.
Natasha stares at your +0 spectral war axe and mumbles some strange words.
The magic dart hits your +0 spectral war axe!
Your spectral weapon shares its damage with you!
The cerulean imp hits you but does no damage.
You closely miss Natasha.
Natasha is almost dead.
You hit the cerulean imp.
Your +0 spectral war axe closely misses Natasha.
Your +0 spectral war axe barely misses the cerulean imp.
Your +0 spectral war axe hits the cerulean imp.
Your +0 spectral war axe completely misses Natasha.
Your surroundings suddenly seem different.
An adder, a bat and a worm come into view.
Found a green potion.
The adder hisses angrily.
You block the adder's attack.
Your spectral weapon shares its damage with you!
The adder bites you but does no damage.
Enter note:
Enter note:
1057 ||| READING scroll of teleportation.
As you read the scroll of teleportation, it crumbles to dust.
You feel strangely unstable.
You feel yourself speed up. The bat hits you but does no damage.
The adder closely misses you. The worm bites you.
You die...

.. .#
####.#
....#####
#.......#
#.......#
#w.S....#
#.@b....#
#.......#
#.......#
#......!#
####.####
.. ###


You could see a worm, an adder and a bat.

Vanquished Creatures
  4 dart slugs
  4 endoplasms (D:1)
  A giant cockroach (D:1)
  2 goblins
  A hobgoblin (D:1)
  A quokka (D:2)
  5 ball pythons
  2 bats (D:1)
  A frilled lizard (D:1)
  4 kobolds
  3 rats
28 creatures vanquished.

Notes
Turn   | Place    | Note
-------+----------+-------------------------------------------
     0 | D:1      | qw the Gargoyle Fighter began the quest for the Orb.
     0 | D:1      | Reached XP level 1. HP: 14/14 MP: 1/1
     0 | D:1      | 0 ||| qw: Version: 0.2-a-107-g4668610
     0 | D:1      | 0 ||| qw: Game counter: 1292
     0 | D:1      | 0 ||| qw: Always use a shield: true
     0 | D:1      | 0 ||| qw: God list: Okawaru
     0 | D:1      | 0 ||| qw: Allow faded altars: false
     0 | D:1      | 0 ||| qw: Do Orc after D:15 true
     0 | D:1      | 0 ||| qw: Do second Lair branch before Depths: true
     0 | D:1      | 0 ||| qw: Lair rune preference: random
     0 | D:1      | 0 ||| qw: Plans: Normal, Zot:1-4, Slime:5, God:TSO, Crypt,
                  | Tomb, Abyss, Pan, Hells, Win
     0 | D:1      | 0 ||| PLANNING D:1-11
    72 | D:1      | 72 ||| Stepping ~*~*~tactically~*~*~ (hiding).
   147 | D:1      | Reached XP level 2. HP: 19/19 MP: 2/2
   351 | D:1      | 351 ||| Stepping ~*~*~tactically~*~*~ (stealth).
   511 | D:1      | 511 ||| Stepping ~*~*~tactically~*~*~ (hiding).
   518 | D:1      | Reached skill level 3 in Axes
   553 | D:1      | Reached XP level 3. HP: 23/23 MP: 3/3
   801 | D:1      | Found a faded altar of an unknown god.
   872 | D:1      | 872 ||| READING 3 scrolls labelled CYNKENUUNEMM.
   877 | D:1      | 877 ||| READING 2 scrolls labelled ZAOMEUQ LEYHU.
   878 | D:1      | 878 ||| READING 3 scrolls labelled CUWNEO HYLAEM.
   879 | D:1      | 879 ||| READING 2 scrolls of brand weapon.
   879 | D:1      | 879 ||| BRANDING +0 war axe of flaming.
  1047 | D:2      | Noticed Natasha
  1053 | D:2      | HP: 5/23 [Natasha/magic dart (9)]
  1054 | D:2      | 1054 ||| READING 2 scrolls of teleportation.
  1055 | D:2      | HP: 1/23 [Natasha (5)]
  1057 | D:2      | 1057 ||| READING scroll of teleportation.
  1057 | D:2      | Slain by a worm

Levels and vault maps discovered:
D:1:      dpeg_arrival_arbitrary_b, layout_loops_ring,
          dreamdust_ecumenical_altar_statues
D:2:      minmay_angry_zag, layout_loops_cross, basic_altar, uniq_natasha

Skill      XL: |  1  2 |
---------------+-------+-----
Axes           | 2 3 |  3.4
Fighting       | |  3.2
Armour         | |  3.2
Shields        | |  3.2

Action                     || total
---------------------------++-------
  Melee: War axe           ||    93
    Use: Scroll            ||     6
 Armour: Scale mail        ||    59
  Dodge: Dodged            ||    44
  Block: Buckler           ||    19

Table legend:
 A = Non-vault XP
 B = Vault XP
 C = Vault XP percentage of total XP
 D = Non-vault monster count
 E = Vault monster count
 F = Vault count percentage of total count
                 A         B        C        D         E       F
            +---------+---------+-------+---------+---------+-------
      Total |      54 |       0 |   0.0 |      28 |       0 |   0.0
            +---------+---------+-------+---------+---------+-------
        D:1 |      39 |       0 |   0.0 |      20 |       0 |   0.0
        D:2 |      15 |       0 |   0.0 |       8 |       0 |   0.0
            +---------+---------+-------+---------+---------+-------
